 Dungeon Crawl Stone Soup version 0.28.0-49-g6dfe1f597d (webtiles) character file.

Game seed: 17911890633756226233

427 bnorton916 the Firebug (level 6, -10/35 HPs)
             Began as a Deep Elf Fire Elementalist on May 18, 2022.
             Mangled by a kobold
             ... wielding a +1 whip of electrocution
              (11 damage)
             ... on level 2 of the Dungeon.
             The game lasted 00:06:28 (3487 turns).

bnorton916 the Firebug (Deep Elf Fire Elementalist) Turns: 3487, Time: 00:06:29

Health: -10/35     AC:  5    Str:  5    XL:     6   Next: 65%
Magic:  3/15       EV: 12    Int: 22    God:
Gold:   50         SH:  0    Dex: 15    Spells: 2/15 levels left

rFire   . . .      SeeInvis .   (no weapon)
rCold   . . .      Faith    .   (no shield)
rNeg    . . .      Spirit   .   a - +0 robe
rPois   .          Reflect  .   (no helmet)
rElec   .          Harm     .   (no cloak)
rCorr   .          Rampage  .   c - +0 pair of gloves
Will    .....                   (no boots)
Stlth   ++........              (no amulet)
HPRegen 0.11/turn               (no ring)
MPRegen 0.14/turn               (no ring)

@: no status effects
A: iridescent scales 1, robust 1
a: no special abilities


You were on level 2 of the Dungeon.
You visited 1 branch of the dungeon, and saw 3 of its levels.

You collected 50 gold pieces.

Inventory:

Hand Weapons
 l - a +4 scythe of pain
Missiles
 b - 6 poisoned darts
Armour
 a - a +0 robe (worn)
 c - a +0 pair of gloves (worn)
Scrolls
 e - a scroll of vulnerability {unknown}
 g - a scroll of enchant weapon {unknown}
 h - a scroll of teleportation {unknown}
 i - 3 scrolls of fear
 j - a scroll of magic mapping {unknown}
Potions
 d - a potion of magic {unknown}
 f - a potion of lignification {unknown}
 k - a potion of attraction


   Skills:
 - Level 2.4 Dodging
 - Level 2.4 Stealth
 - Level 5.2 Spellcasting
 + Level 4.3 Conjurations
 + Level 2.6 Hexes
 + Level 5.4 Fire Magic


You had 2 spell levels left.
You knew the following spells:

 Your Spells              Type           Power      Damage    Failure   Level
a - Foxfire               Conj/Fire      100%       2x1d9     1%          1
b - Scorch                Fire           58%        2d7       1%          2
c - Conjure Flame         Conj/Fire      27%        6-21      4%          3
d - Flame Wave            Conj/Fire      27%        2d7       13%         4
e - Dazzling Flash        Conj/Hex       42%        N/A       7%          3

Your spell library contained the following spells:

 Spells                   Type           Power      Damage    Failure   Level
 Inner Flame              Hex/Fire       23%        N/A       5%          3
 Silence                  Hex/Air        5%         N/A       85%         5
 Agony                    Necr           5%         N/A       95%         5


Dungeon Overview and Level Annotations

Branches:
Dungeon (3/15)

Altars:

Shops:
D:2 [

Annotations:
D:3 Robin


Innate Abilities, Weirdness & Mutations

You are partially covered in iridescent scales. (AC +2)
You are robust. (+10% HP)


Message History

Flames lash Robin.
Robin is moderately wounded.
Robin's fire resistance burns away.
The kobold hits you with a +1 whip of electrocution.
The kobold hits you but does no damage. Robin barely misses you.
Unknown command.
There is a stone staircase leading up, spattered with blood here.
The kobold barely misses you.
Robin hits you from afar with a +0 spear.
You climb upwards.
There is a stone staircase leading down here.
Casting: Scorch (safe; 1% risk of failure)
Confirm with . or Enter, or press ? or * to list all spells.
Flames lash the kobold.
The kobold completely resists.
The kobold hits you with a +1 whip of electrocution.
You are electrocuted!
The kobold misses you.
Unknown command.
Casting: Scorch (safe; 1% risk of failure)
Confirm with . or Enter, or press ? or * to list all spells.
Flames lash the kobold but do no damage.
The kobold barely misses you. The kobold barely misses you.
Unknown command.
Casting: Scorch (safe; 1% risk of failure)
Confirm with . or Enter, or press ? or * to list all spells.
Flames lash the kobold.
The kobold resists.
The kobold is heavily wounded.
The kobold's fire resistance burns away.
The kobold hits you but does no damage. The kobold hits you but does no damage.
You are electrocuted!
* * * LOW HITPOINT WARNING * * *
Unknown command.
Casting: Scorch (safe; 1% risk of failure)
Confirm with . or Enter, or press ? or * to list all spells.
Flames lash the kobold but do no damage.
The kobold misses you.
The kobold is no longer more vulnerable to fire.
The kobold hits you but does no damage.
You are electrocuted!
You die...

###...#
#..###..
#....##
#.#...##
#.####
#.##.##
#.#
#.##.#
#.#
#.##.###
#.#
#.##....
#.#
#.##.###
#.#
#.##.#
#@#
#.##.#
#K#
#.##.###
#.#
#.##....
#.#
#.######
#.# #.#
#.###
#.#
#...#
#.#
###.#
#.# #.#
#.#


You could see a kobold.

Vanquished Creatures
  Grinder (D:3)
  Sigmund (D:2)
  2 adders (D:2)
  4 ball pythons
  5 endoplasms
  2 giant cockroaches (D:1)
  7 goblins
  2 hobgoblins (D:1)
  2 jackals (D:1)
  3 kobolds
  A quokka (D:3)
  6 bats
  2 frilled lizards
  21 rats
59 creatures vanquished.

Vanquished Creatures (others)
  102 foxfires
102 creatures vanquished.

Grand Total: 161 creatures vanquished

Notes
Turn   | Place    | Note
-------+----------+-------------------------------------------
     0 | D:1      | bnorton916 the Deep Elf Fire Elementalist began the quest
                  | for the Orb.
     0 | D:1      | Reached XP level 1. HP: 10/10 MP: 6/6
   240 | D:1      | Reached XP level 2. HP: 15/15 MP: 5/8
   976 | D:1      | Reached XP level 3. HP: 19/19 MP: 7/10
  1289 | D:1      | Learned a level 2 spell: Scorch
  1293 | D:1      | Learned a level 3 spell: Conjure Flame
  1357 | D:2      | Noticed Sigmund
  1368 | D:2      | Found Doyh Hih's Armour Emporium.
  1568 | D:2      | Found a faded altar of an unknown god.
  1609 | D:2      | Killed Sigmund
  1610 | D:2      | Reached skill level 5 in Spellcasting
  1610 | D:2      | Reached XP level 4. HP: 4/24 MP: 4/13
  1610 | D:2      | Reached XP level 5. HP: 4/28 MP: 4/14
  2005 | D:2      | Gained mutation: You are partially covered in iridescent
                  | scales. (AC +2) [potion of mutation]
  2005 | D:2      | Gained mutation: Armour fits poorly on your strangely
                  | shaped body. [potion of mutation]
  2005 | D:2      | Gained mutation: Your spells are a little harder to cast,
                  | but a little more powerful. [potion of mutation]
  2006 | D:2      | Lost mutation: Armour fits poorly on your strangely shaped
                  | body. [potion of mutation]
  2006 | D:2      | Lost mutation: Your spells are a little harder to cast, but
                  | a little more powerful. [potion of mutation]
  2006 | D:2      | Lost mutation: You are partially covered in iridescent
                  | scales. (AC +2) [potion of mutation]
  2006 | D:2      | Gained mutation: You are partially covered in iridescent
                  | scales. (AC +2) [potion of mutation]
  2006 | D:2      | Gained mutation: You are robust. (+10% HP) [potion of
                  | mutation]
  2521 | D:3      | Noticed Grinder
  2538 | D:2      | Learned a level 4 spell: Flame Wave
  2542 | D:2      | Learned a level 3 spell: Dazzling Flash
  2891 | D:3      | Paralysed by Grinder for 2 turns
  2898 | D:3      | Paralysed by Grinder for 5 turns
  2900 | D:3      | Killed Grinder
  2901 | D:3      | Reached skill level 5 in Fire Magic
  2901 | D:3      | Reached XP level 6. HP: 17/35 MP: 8/15
  3462 | D:3      | Identified the +1 plate armour of Inaction {rF+ Dex+4}
  3463 | D:3      | Noticed Robin
  3485 | D:2      | HP: 1/35 [kobold/+1 whip of electrocution (13)]
  3487 | D:2      | Mangled by a kobold

Illustrated notes

Levels and vault maps discovered:
D:1:      nicolae_arrival_washed_ashore, layout_basic, kennysheep_boxes
D:2:      layout_loops_ring, hellmonk_ecumenical_altar_pennies_from_heaven,
          serial_shops, nicolae_shop_hallway_plus, uniq_sigmund
D:3:      layout_rooms, chequers_serial_rivers_room_a, minmay_rat_hole,
          uniq_grinder, uniq_robin, uniq_crazy_yiuf_cottage, uniq_ijyb

Skill      XL: |  1  2  3  4  5 |
---------------+----------------+-----
Conjurations   | 2 3 4 |  4.3
Spellcasting   | 5 |  5.2
Fire Magic     | 4 5 |  5.4
Hexes          | 2 |  2.6
Dodging        | |  2.4
Stealth        | |  2.4

Action                   |  1- 3 |  4- 6 || total
-------------------------+-------+-------++-------
 Cast: Foxfire           |    38 |    27 ||    65
       Scorch            |     5 |    16 ||    21
  Use: Scroll            |       |     3 ||     3
       Potion            |       |     2 ||     2
Armor: Robe              |     2 |    15 ||    17
Dodge: Dodged            |     5 |    24 ||    29
